Kradschützen Motorcycle Team
Construct Light Support Kompanie
Construct Mechanized Kompanie
254 Reconnaissance Tractor
Selects Registered Artillery
Selects Towed Cannone da 105/28 Field Howitzer
Towed Cannone da 105/28 Field Howitzer
Marder III Tank Destroyer
Selects Defensive Operations
Selects Prepared Positions
Marder III Tank Destroyer
Marder III Tank Destroyer
18-tonne Recovery Half-track
Selects Obice 305mm Barrage
Marder III Tank Destroyer
Marder III Tank Destroyer
Marder III Tank Destroyer
18-tonne Recovery Half-track
Construct Panzerarmee Kommand